 Dungeon Crawl Stone Soup version 0.31-a0-1370-gf52a5a9ab3 (webtiles) character file.

Game seed: 9734840945060454364

159317 Lobster4 the Scorcher (level 17, -3/117 HPs)
             Began as a Human Fire Elementalist on Dec 23, 2023.
             Was the Champion of Nemelex Xobeh.
             Slain by a phantasmal warrior (17 damage)
             ... summoned by an antique champion
             ... in a wizard's laboratory.
             The game lasted 02:39:10 (47371 turns).

Lobster4 the Scorcher (Human Fire Elementalist)    Turns: 47371, Time: 02:39:10

Health: -3/117     AC: 13    Str:  6    XL:     17   Next: 74%
Magic:  32/33      EV: 17    Int: 21    God:    Nemelex Xobeh [******]
Gold:   227        SH: 11    Dex: 17    Spells: 22/40 levels left

rFire   + + .        a - staff of fire
rCold   + + +        M - +0 buckler
rNeg    + + +        C - +2 robe "Cian" {rF+ rN+ Archmagi}
rPois   .            S - +0 helmet of the Orb Guardian {rElec rC+ rN+ Str-5}
rElec   +            q - +2 cloak
rCorr   .            U - +0 pair of gloves
SInv    +            p - +1 pair of boots {Fly}
Will    +....        Z - amulet of reflection
Stlth   ++           Y - ring of see invisible
HPRegen 0.39/turn    V - ring "Feclijad" {rC++ rN+ Dex+3}
MPRegen 0.23/turn

%: reflection, archmagi
@: about to teleport, flying, studying Staves
A: explore regen
a: Renounce Religion, Draw Escape, Draw Destruction, Draw Summoning, Triple
Draw, Deal Four, Stack Five


You were in a wizard's laboratory.
You worshipped Nemelex Xobeh.
Nemelex Xobeh was exalted by your worship.
You visited 5 branches of the dungeon, and saw 26 of its levels.
You also visited: Wizlab.

You collected 2145 gold pieces.
You spent 1918 gold pieces at shops.

Inventory:

Hand Weapons
 b - the +11 short sword of Gevom {vamp, rN+ rCorr}
   (You bought it in a shop on level 13 of the Dungeon)

   rN+:       It protects you from negative energy.
   rCorr:     It protects you from acid and corrosion.
 r - a +1 hand cannon of freezing
Missiles
 c - 3 throwing nets
 x - a curare-tipped dart
 X - 9 poisoned darts
Armour
 k - a +1 ring mail of cold resistance
 p - a +1 pair of boots of flying (worn)
 q - a +2 cloak (worn)
 y - +0 acid dragon scales
 B - the +2 robe of Okiutufo {Fly Will+}
   (You found it on level 5 of the Lair of Beasts)

   Will+:     It increases your willpower.
   Fly:       It grants you flight.
 C - the +2 robe "Cian" (worn) {rF+ rN+ Archmagi}
   (You took it off Nessos on level 12 of the Dungeon)

   rF+:       It protects you from fire.
   rN+:       It protects you from negative energy.
   Archmagi:  It increases the power of your magical spells.
 G - the +0 ring mail of Oliseu {rPois rC+ Str-4}
   (You found it on level 6 of the Dungeon)

   Str-4:     It affects your strength (-4).
   rC+:       It protects you from cold.
   rPois:     It protects you from poison
 M - a +0 buckler (worn)
 S - the +0 helmet of the Orb Guardian (worn) {rElec rC+ rN+ Str-5}
   (You acquired it on level 2 of the Orcish Mines)

   Str-5:     It affects your strength (-5).
   rC+:       It protects you from cold.
   rElec:     It insulates you from electricity.
   rN+:       It protects you from negative energy.
 U - a +0 pair of gloves (worn)
Magical Staves
 a - a staff of fire (weapon)
 v - the staff "Jeapn" {rC+ Necro Ice}
   (You found it on level 5 of the Lair of Beasts)

   [staff of cold]

   Base accuracy: +5 Base damage: 5 Base attack delay: 1.2 This weapon's minimum
   attack delay (0.6) is reached at skill level 12.
   rC+:       It protects you from cold.
   Necro:     It increases the power of your Necromancy spells.
   Ice:       It increases the power of your Ice spells.
   It falls into the 'Staves' category.
   It is a one-handed weapon.
Jewellery
 V - the ring "Feclijad" (right hand) {rC++ rN+ Dex+3}
   (You bought it in a shop on level 11 of the Dungeon)

   [ring of positive energy]

   Dex+3:     It affects your dexterity (+3).
   rC++:      It greatly protects you from cold.
   rN+:       It protects you from negative energy.
 Y - a ring of see invisible (left hand)
 Z - an amulet of reflection (around neck)
Wands
 f - a wand of iceblast (18)
 j - a wand of charming (20)
 l - a wand of digging (6)
 m - a wand of acid (3)
 E - a wand of mindburst (4)
 L - a wand of polymorph (25)
 P - a wand of flame (17)
Scrolls
 d - 7 scrolls of immolation
 e - 5 scrolls of teleportation
 i - 3 scrolls of poison
 s - 5 scrolls of enchant weapon
 t - 2 scrolls of silence
 w - 4 scrolls of identify
 H - a scroll of fog
 R - a scroll of revelation
Potions
 g - a potion of cancellation
 h - a potion of berserk rage
 n - 5 potions of haste
 z - 2 potions of brilliance
 A - 9 potions of curing
 D - 9 potions of ambrosia
 I - 4 potions of invisibility
 K - a potion of resistance
 N - 2 potions of heal wounds
 Q - 2 potions of lignification
 T - 3 potions of might
 W - 3 potions of mutation


   Skills:
 - Level 6.0 Fighting
 - Level 3.0 Short Blades
 - Level 10.0 Staves
 - Level 2.0 Ranged Weapons
 - Level 10.0 Armour
 + Level 9.5 Dodging
 - Level 2.0 Stealth
 - Level 6.0 Shields
 + Level 12.3 Spellcasting
 + Level 13.1 Conjurations
 - Level 3.0 Hexes
 + Level 16.1 Fire Magic
 - Level 3.0 Earth Magic
 - Level 10.0 Invocations
 - Level 5.0 Evocations


You had 22 spell levels left.
You knew the following spells:

 Your Spells              Type           Power      Damage    Failure   Level
a - Foxfire               Conj/Fire      100%       2x1d9     1%          1
b - Scorch                Fire           100%       2d9       0%          2
c - Stone Arrow           Conj/Erth      100%       3d13      1%          3
d - Flame Wave            Conj/Fire      100%       2d21      1%          4
f - Fireball              Conj/Fire      53%        3d21      1%          5
i - Inner Flame           Hex/Fire       88%        N/A       1%          3

Your spell library contained the following spells:

 Spells                   Type           Power      Damage    Failure   Level
 Magic Dart               Conj           100%       1d8       1%          1
 Sting                    Conj/Alch      100%       1d9       1%          1
 Momentum Strike          Conj/Tloc      100%       3d10      1%          2
 Searing Ray              Conj           100%       2d8       1%          2
 Hailstorm                Conj/Ice       57%        3d11      1%          3
 Volatile Blastmotes      Fire/Tloc      100%       2d18      1%          3
 Slow                     Hex            100%       N/A       2%          1
 Fulminant Prism          Conj/Alch      28%        3d14      5%          4
 Confusing Touch          Hex            38%        N/A       7%          3
 Sigil of Binding         Hex            38%        N/A       7%          3
 Tukima's Dance           Hex            38%        N/A       7%          3
 Apportation              Tloc           38%        N/A       9%          1
 Freeze                   Ice            76%        1d8       9%          1
 Necrotise                Necr           76%        1d7       9%          1
 Summon Small Mammal      Summ           76%        N/A       9%          1
 Blink                    Tloc           38%        N/A       12%         2
 Lesser Beckoning         Tloc           38%        N/A       12%         2
 Frozen Ramparts          Ice            38%        1d6       24%         3
 Vampiric Draining        Necr           19%        2d7       24%         3
 Cause Fear               Hex            19%        N/A       24%         4
 Animate Armour           Summ/Erth      56%        N/A       41%         4
 Leda's Liquefaction      Alch/Erth      14%        N/A       41%         4
 Petrify                  Alch/Erth      28%        N/A       41%         4
 Lee's Rapid Deconstruct  Erth           19%        3d11*     54%         5
 Passage of Golubria      Tloc           19%        N/A       63%         4
 Summon Ice Beast         Ice/Summ       19%        N/A       63%         4
 Summon Lightning Spire   Summ/Air       19%        N/A       63%         4
 Metabolic Englaciation   Hex/Ice        14%        N/A       77%         5
 Silence                  Hex/Air        14%        N/A       77%         5
 Simulacrum               Ice/Necr       9%         N/A       100%        6
 Lehudib's Crystal Spear  Conj/Erth      31%        10d8      100%        8
 Dragon's Call            Summ           9%         N/A       100%        9


Dungeon Overview and Level Annotations

Branches:
Dungeon (15/15)            Temple (1/1) D:7            Lair (5/5) D:10
  Swamp (0/4) Lair:2       Spider (0/4) Lair:2        Slime (0/5) Lair:4
    Orc (2/2) D:10            Elf (3/3) Orc:2        Vaults (0/5) D:13
 Depths (0/4) D:15         WizLab (1/1)

Altars:
Ashenzari
Cheibriados
Dithmenos
Elyvilon
Fedhas
Gozag
Hepliaklqana
Kikubaaqudgha
Makhleb
Nemelex Xobeh
Okawaru
Qazlal
Ru
Sif Muna
Trog
Uskayaw
Vehumet
Wu Jian
Xom
Yredelemnul
Zin
The Shining One
Jiyva

Shops:
D:9 :   D:11 =   D:13 (([:   Orc:2 ***=   Elf:1 *

Portals:
Pandemonium: Orc:2
Trove: Elf:1 (show abyssal rune of Zot)

Annotations:
D:1 1 transporter
D:15 1 runed translucent door, Ipnialaiqo's ghost, journeyman FeSh
Lair:1 exclusion: catoblepas
Lair:4 3 runed translucent doors, Zyxuithu's ghost, journeyman MeSh
Orc:1 1 runed translucent door
Elf:1 2 transporters, Asterion


Innate Abilities, Weirdness & Mutations

You regain HP and MP as you explore.


Message History

You feel strangely unstable.
Your killer bee stings the antique champion!
The antique champion blocks your killer bee's attack. x2
The antique champion barely misses you.
The antique champion blocks your killer bee's attack.
Your killer bee misses the antique champion.
The antique champion blocks your killer bee's attack.
You swap places.
The antique champion is no longer more vulnerable to fire.
Your killer bee is no longer berserk.
Your killer bee disappears in a puff of smoke!
The antique champion blocks your killer bee's attack.
Your killer bee completely misses the antique champion.
Your killer bee barely misses the antique champion.
The antique champion points at you and mumbles some strange words.
You feel haunted.
Your killer bee misses the antique champion.
Your killer bee barely misses the antique champion.
The antique champion blocks your killer bee's attack.
You barely miss the freezing wraith.
Your killer bee misses the antique champion.
Your killer bee stings the antique champion but does no damage.
The antique champion blocks your killer bee's attack.
The antique champion misses you.
Your killer bee closely misses the antique champion.
The antique champion blocks your killer bee's attack. x2
The freezing wraith hits you but does no damage.
You block the freezing wraith's attack. The phantasmal warrior hits you!!
* * * LOW HITPOINT WARNING * * *
Your killer bee barely misses the antique champion.
The antique champion blocks your killer bee's attack.
Your killer bee closely misses the antique champion.
The antique champion hits you with a +0 double sword of draining!!
* * * LOW HITPOINT WARNING * * *
You feel better.
Your killer bee stings the antique champion but does no damage.
The antique champion blocks your killer bee's attack. x2
You block the freezing wraith's attack. x2; The phantasmal warrior hits you!
You die...
Your body glows with a rainbow of weird colours and disappears. ### ### ?[#?? .'. ##'## #yyy#

#....♣ ###.z.### #....#
#...W@W.# #....♣
####..8.8W.####..8.# #..8
#..'.......'..#....#
#....#..###...###..#....#
#....#....#...#y)..#...♣
#♣...###..#####y.###...♣
#......##...'...##.....♣#
♣......#...#...#.......♣
♣....†.####'####.......#


You could see an antique champion (ally target), 2 phantasmal warriors, a
freezing wraith (summoned) and 3 friendly killer bees.

Vanquished Creatures
  A lich (WizLab)
  2 ghouls (WizLab)
  A deep elf demonologist (Elf:1)
  Nessos (D:12)
  A jiangshi (WizLab)
  3 vault guards
  Josephine (D:12)
  3 rakshasas (D:15)
  A juggernaut simulacrum (WizLab)
  3 hydras
  3 catoblepae (Lair:5)
  3 boulder beetles
  4 centaur warriors
  An ogre mage (D:15)
  6 two-headed ogres
  13 death yaks
  21 dancing weapons
  2 demonspawn (Orc:2)
  A tengu warrior (D:15)
  Sonja (D:13)
  12 deep elf knights
  9 orc high priests
  Urug (Orc:2)
  A soul eater (Orc:2)
  A storm dragon zombie (WizLab)
  5 skeletal warriors
  2 bog bodies (Lair:2)
  A golden dragon zombie (WizLab)
  2 arcanists
  22 deep elf zephyrmancers
  A necromancer (D:15)
  5 orc knights (Orc:2)
  3 phantasmal warriors (WizLab)
  Pikel (D:7)
  5 deep elf archers
  17 deep elf pyromancers
  7 orc sorcerers
  7 ugly things
  6 manticores
  Maurice (Orc:1)
  3 cyclopes
  A centaur zombie (D:15)
  A black mamba (Lair:3)
  A black mamba (shapeshifter) (D:15)
  10 elephants
  A torpor snail (Lair:3)
  Joseph (Lair:1)
  A gargoyle (D:13)
  3 kobold blastminers (Orc:1)
  9 cane toads
  2 storm dragon simulacra (WizLab)
  A rime drake (D:13)
  Jeremiah (D:7)
  A freezing wraith (D:15)
  9 komodo dragons
  3 unseen horrors
  A redback zombie (D:15)
  4 polar bears
  A golden dragon simulacrum (WizLab)
  An ice devil (Orc:2)
  3 tengu conjurers
  A queen bee (Lair:2)
  Prince Ribbit (D:5)
  A meliai (Lair:2)
  7 trolls
  3 blink frogs (Lair:2)
  3 hornets
  A centaur simulacrum (D:15)
  20 slime creatures
  2 air elementals (Elf:2)
  2 vampires (WizLab)
  11 wyverns
  2 spriggans (Lair:3)
  A shadow (D:12)
  3 water elementals
  6 wraiths
  2 fire elementals (Elf:2)
  45 yaks
  2 humans (D:13)
  6 wargs
  A steam dragon (D:8)
  2 basilisks
  2 acid dragons
  22 water moccasins
  2 black bears
  A deep troll skeleton (WizLab)
  2 sky beasts
  An ettin simulacrum (WizLab)
  An ice beast (D:8)
  9 ogres
  A swamp dragon zombie (WizLab)
  14 wolves
  32 orc warriors
  A boggart (shapeshifter) (D:15)
  A swamp dragon skeleton (WizLab)
  12 centaurs
  A lemure (D:6)
  2 phantoms
  A kobold brigand (D:9)
  A cyclops zombie (WizLab)
  10 bullfrogs
  3 gnoll sergeants
  4 scorpions
  3 earth elementals
  4 wights (D:8)
  37 killer bees
  A swamp dragon simulacrum (WizLab)
  11 howler monkeys
  2 jellies
  4 electric eels
  A gnoll bouda (D:5)
  3 hounds
  27 orc priests
  A sleepcap (D:5)
  Jessica (D:3)
  22 iguanas
  19 orc wizards
  6 hell rats (Lair:4)
  12 adders
  16 gnolls
  2 bombardier beetles
  A white imp (D:5)
  3 ufetubi
  2 worms
  A dart slug (D:5)
  68 orcs
  3 endoplasms
  4 giant cockroaches
  8 hobgoblins
  3 quokkas
  5 ball pythons
  7 bats
  20 frilled lizards
  8 goblins
  12 kobolds
  2 rats
  A butterfly (D:7)
804 creatures vanquished.

Vanquished Creatures (collateral kills)
  A lich (WizLab)
  Gastronok (Lair:3)
  An ancient champion (WizLab)
  Kirke (D:14)
  An ironbound thunderhulk (D:13)
  A jiangshi (WizLab)
  A demonspawn (Orc:2)
  4 vault guards
  A centaur warrior (D:14)
  2 dancing weapons (Elf:2)
  A death yak (Lair:4)
  A deep elf knight (Elf:2)
  A skyshark (Lair:4)
  2 skeletal warriors (WizLab)
  A phantasmal warrior (WizLab)
  An ugly thing (D:14)
  2 deep elf pyromancers (Elf:2)
  A stone giant skeleton (WizLab)
  A basilisk (Lair:3)
  A deep troll zombie (WizLab)
  A water moccasin (Lair:4)
  A centaur (D:14)
  A cyclops skeleton (WizLab)
  A swamp dragon simulacrum (WizLab)
  A hell rat (Lair:4)
  5 orcs
  A frilled lizard (D:13)
  27 foxfires
64 creatures vanquished.

Vanquished Creatures (others)
  A two-headed ogre (D:10)
  2 deep elf pyromancers
  A yak (Lair:1)
  2 humans (D:14)
  A water moccasin (Lair:4)
  A centaur (D:14)
  A wight (D:8)
  A killer bee (D:8)
  2458 foxfires
2468 creatures vanquished.

Grand Total: 3336 creatures vanquished

Notes
Turn   | Place    | Note
-------+----------+-------------------------------------------
     0 | D:1      | Lobster4 the Human Fire Elementalist began the quest for
                  | the Orb.
     0 | D:1      | Reached XP level 1. HP: 13/13 MP: 3/3
   246 | D:1      | Reached XP level 2. HP: 20/20 MP: 5/5
   249 | D:1      | Learned a level 2 spell: Scorch
   454 | D:1      | Found a faded altar of an unknown god.
  1023 | D:2      | Reached skill level 1 in Fighting
  1023 | D:2      | Reached XP level 3. HP: 16/26 MP: 4/6
  1241 | D:2      | Reached skill level 1 in Armour
  1762 | D:3      | Reached XP level 4. HP: 32/32 MP: 7/7
  1993 | D:3      | Noticed Jessica
  2042 | D:3      | Killed Jessica
  2140 | D:3      | Reached XP level 5. HP: 37/37 MP: 4/8
  2455 | D:3      | Found an iron altar of Okawaru.
  2799 | D:4      | Reached skill level 4 in Fire Magic
  2901 | D:4      | Reached XP level 6. HP: 44/44 MP: 2/10
  3943 | D:4      | Reached XP level 7. HP: 44/51 MP: 4/11
  4021 | D:4      | Reached skill level 5 in Fire Magic
  4590 | D:5      | Entered Level 5 of the Dungeon
  4734 | D:5      | Found a basalt altar of Yredelemnul.
  4734 | D:5      | Found a faded altar of an unknown god.
  4741 | D:5      | Found a faded altar of an unknown god.
  4743 | D:5      | Found an opulent altar of Gozag.
  4745 | D:5      | Found a snail-covered altar of Cheibriados.
  5487 | D:5      | Noticed Prince Ribbit
  5497 | D:5      | Killed Prince Ribbit
  5498 | D:5      | Reached skill level 6 in Fire Magic
  5498 | D:5      | Reached XP level 8. HP: 23/58 MP: 9/13
  6530 | D:6      | Reached skill level 7 in Fire Magic
  6896 | D:6      | Reached XP level 9. HP: 57/63 MP: 3/16
  6937 | D:6      | Reached skill level 5 in Conjurations
  7067 | D:6      | Identified the +0 ring mail of Oliseu {rPois rC+ Str-4}
  7258 | D:6      | Reached skill level 5 in Spellcasting
  7258 | D:6      | Reached skill level 8 in Fire Magic
  7911 | D:6      | Learned a level 4 spell: Flame Wave
  7922 | D:7      | Noticed Jeremiah
  7929 | D:6      | Learned a level 3 spell: Inner Flame
  8019 | D:6      | Reached skill level 1 in Evocations
  8183 | D:7      | Noticed Pikel
  8250 | D:7      | Found a staircase to the Ecumenical Temple.
  8306 | D:7      | Killed Jeremiah
  8307 | D:7      | Reached skill level 1 in Hexes
  8446 | Temple   | Entered the Ecumenical Temple
  8454 | D:7      | Got the Guidebook on Obstruction and Battle Magic
  8650 | D:7      | Killed Pikel
  8651 | D:7      | Reached skill level 9 in Fire Magic
  8651 | D:7      | Reached XP level 10. HP: 70/70 MP: 15/18
  8960 | D:7      | Found a sparkling altar of Nemelex Xobeh.
  9084 | D:7      | Became a worshipper of Nemelex Xobeh the Trickster
  9252 | D:8      | Found a sacrificial altar of Ru.
  9391 | D:8      | Reached skill level 1 in Invocations
  9727 | D:8      | Reached skill level 1 in Ranged Weapons
  9964 | D:8      | Reached * piety under Nemelex Xobeh
 10210 | D:7      | Reached skill level 1 in Shields
 11100 | D:9      | Found a hazy altar of Hepliaklqana.
 11122 | D:9      | Reached skill level 5 in Armour
 11233 | D:9      | Found Coiptih's Book Emporium.
 11518 | D:9      | Reached skill level 10 in Fire Magic
 11640 | D:9      | Found a burning altar of Makhleb.
 11642 | D:9      | Found a hide-covered altar of Uskayaw.
 11838 | D:10     | Entered Level 10 of the Dungeon
 11926 | D:10     | Noticed a death yak
 11947 | D:10     | You fall into a shaft and drop 2 floors!
 11950 | D:12     | Identified the +1 flail of Puwiem Duu {heavy, rF++}
 11980 | D:12     | Noticed a cyclops
 11994 | D:12     | Reached XP level 11. HP: 74/75 MP: 10/20
 11995 | D:12     | Killed a cyclops
 12008 | D:12     | Noticed Josephine
 12016 | D:12     | Killed Josephine
 12020 | D:12     | Noticed Nessos
 12053 | D:12     | Received a gift from Nemelex Xobeh
 12107 | D:11     | Reached ** piety under Nemelex Xobeh
 12107 | D:11     | Noticed a boulder beetle
 12135 | D:11     | Noticed a centaur warrior
 12143 | D:11     | Killed a centaur warrior
 12392 | D:10     | Found a glowing golden altar of the Shining One.
 12461 | D:10     | Noticed a death yak
 12461 | D:10     | Noticed a two-headed ogre
 12692 | D:9      | Learned a level 3 spell: Stone Arrow
 12709 | D:10     | Found a staircase to the Orcish Mines.
 12733 | D:10     | Reached skill level 11 in Fire Magic
 12897 | D:10     | Found a shimmering altar of Xom.
 13090 | Orc:1    | Entered Level 1 of the Orcish Mines
 13090 | Orc:1    | Noticed Maurice
 13090 | Orc:1    | Noticed an orc high priest
 13101 | D:10     | Killed an orc high priest
 13156 | D:10     | Reached skill level 1 in Earth Magic
 13303 | D:10     | Noticed a death yak
 13324 | D:10     | Killed a death yak
 13479 | D:10     | Found a staircase to the Lair.
 13505 | D:10     | Noticed a two-headed ogre
 13519 | D:10     | Killed a two-headed ogre
 13872 | D:10     | Killed a death yak
 14261 | D:11     | Found Yrunn's Jewellery Shoppe.
 14907 | D:11     | Killed a boulder beetle
 14908 | D:11     | Reached XP level 12. HP: 67/81 MP: 2/23
 15060 | D:11     | Reached *** piety under Nemelex Xobeh
 15355 | D:11     | Identified a scroll of acquirement
 15355 | D:11     | Acquired a book of the Dragon
 15363 | D:11     | Learned a level 5 spell: Fireball
 15645 | D:12     | Reached skill level 5 in Shields
 15838 | D:12     | Reached skill level 12 in Fire Magic
 16268 | Lair:1   | Entered Level 1 of the Lair of Beasts
 16517 | Lair:1   | Reached skill level 1 in Staves
 16547 | Lair:1   | Noticed Joseph
 16555 | Lair:1   | Killed Joseph
 16850 | Lair:1   | Received a gift from Nemelex Xobeh
 17598 | Lair:1   | Noticed a catoblepas
 18457 | Lair:2   | You are sucked into a shaft and drop 2 floors!
 18462 | Lair:4   | Received a gift from Nemelex Xobeh
 18481 | Lair:4   | Reached skill level 13 in Fire Magic
 18499 | Lair:4   | Noticed a skyshark
 18518 | Lair:4   | Killed a skyshark
 18519 | Lair:4   | Reached XP level 13. HP: 86/86 MP: 6/25
 19554 | Lair:2   | Found a staircase to the Swamp.
 19599 | Lair:2   | Reached **** piety under Nemelex Xobeh
 20094 | Lair:2   | Found a hole to the Spider Nest.
 20123 | Lair:2   | Received a gift from Nemelex Xobeh
 21112 | Lair:3   | Received a gift from Nemelex Xobeh
 21115 | Lair:3   | Noticed Gastronok
 21157 | Lair:3   | Killed Gastronok
 21360 | D:11     | Bought the ring "Feclijad" {rC++ rN+ Dex+3} for 762 gold
                  | pieces
 21621 | Lair:3   | Identified the -2 quarterstaff of Rynyhox {heavy, rCorr}
 22225 | Lair:3   | Received a gift from Nemelex Xobeh
 22852 | Lair:4   | Reached skill level 5 in Invocations
 23760 | Lair:4   | Reached XP level 14. HP: 71/95 MP: 14/27
 24026 | Lair:4   | Reached ***** piety under Nemelex Xobeh
 24032 | Lair:4   | Found a runed translucent gate.
 24033 | Lair:4   | Found a runed translucent gate.
 24033 | Lair:4   | Found a viscous altar of Jiyva.
 24033 | Lair:4   | Found a staircase to the Slime Pits.
 24033 | Lair:4   | Found a runed translucent gate.
 24048 | Lair:4   | Noticed Zyxuithu's ghost (journeyman MeSh)
 24076 | Lair:4   | Received a gift from Nemelex Xobeh
 24345 | Lair:4   | Reached skill level 5 in Staves
 24545 | Lair:5   | Entered Level 5 of the Lair of Beasts
 24707 | Lair:5   | Reached skill level 10 in Conjurations
 24938 | Lair:5   | Received a gift from Nemelex Xobeh
 25748 | Lair:5   | Received a gift from Nemelex Xobeh
 26573 | Lair:5   | Reached skill level 14 in Fire Magic
 28130 | Lair:5   | Reached skill level 5 in Fighting
 28187 | Lair:5   | Identified the staff "Jeapn" {rC+ Necro Ice}
 28191 | Lair:5   | Identified the +2 robe of Okiutufo {Fly Will+}
 28619 | D:12     | Identified the +2 robe "Cian" {rF+ rN+ Archmagi}
 28621 | D:12     | Killed Nessos
 28622 | D:12     | Reached skill level 5 in Dodging
 29101 | D:13     | Reached skill level 5 in Evocations
 29144 | D:13     | Received a gift from Nemelex Xobeh
 29473 | D:13     | Noticed Sonja
 29476 | D:13     | Killed Sonja
 29608 | D:13     | Found Mesusch's Book Boutique.
 30155 | D:13     | Found Wefeon's Antique Weapon Boutique.
 30155 | D:13     | Found Yworr's Antique Weapon Shop.
 30193 | D:13     | Found Mosol's Antique Armour Emporium.
 30195 | D:13     | Received a gift from Nemelex Xobeh
 30563 | D:13     | Noticed an ironbound thunderhulk
 30602 | D:13     | Killed an ironbound thunderhulk
 30800 | D:13     | Reached skill level 10 in Spellcasting
 31042 | D:13     | Reached XP level 15. HP: 103/103 MP: 14/29
 31143 | D:13     | Found a gate to the Vaults.
 31265 | D:13     | Bought a pair of embroidered boots for 180 gold pieces
 31290 | D:13     | Bought a slimy short sword for 248 gold pieces
 31290 | D:13     | Identified the +11 short sword of Gevom {vamp, rN+ rCorr}
                  | (You bought it in a shop on level 13 of the Dungeon)
 31960 | D:14     | Reached skill level 1 in Short Blades
 32279 | D:14     | Received a gift from Nemelex Xobeh
 32733 | D:14     | Noticed Kirke
 32751 | D:14     | Killed Kirke
 33551 | D:14     | Received a gift from Nemelex Xobeh
 33677 | D:15     | Entered Level 15 of the Dungeon
 34184 | D:15     | Identified the +1 robe of the Storm King {Regen+ Int+2}
 34444 | D:15     | Found a sacrificial altar of Ru.
 34858 | D:15     | Paralysed by an ogre mage for 5 turns
 35071 | D:15     | Found a runed translucent door.
 35071 | D:15     | Found a shimmering altar of Xom.
 35071 | D:15     | Identified the +0 demon trident of Non Obstante Veredicto
                  | {chaos, rF+ rN+}
 35071 | D:15     | Noticed Ipnialaiqo's ghost (journeyman FeSh)
 36100 | D:15     | Found a staircase to the Depths.
 36882 | Orc:1    | Killed Maurice
 36991 | Orc:1    | Received a gift from Nemelex Xobeh
 37776 | Orc:1    | Reached ****** piety under Nemelex Xobeh
 37972 | Orc:1    | Found a runed translucent door.
 37975 | Orc:1    | Noticed a balrug
 38120 | Orc:2    | Entered Level 2 of the Orcish Mines
 38215 | Orc:2    | Noticed Urug
 38263 | Orc:2    | Killed Urug
 38517 | Orc:2    | Received a gift from Nemelex Xobeh
 39092 | Orc:2    | Found a staircase to the Elven Halls.
 39177 | Orc:2    | Found Wuzuz's General Store.
 39181 | Orc:2    | Bought a scroll of acquirement for 728 gold pieces
 39181 | Orc:2    | Acquired the +0 helmet of the Orb Guardian {rElec rC+ rN+
                  | Str-5}
 39636 | Orc:2    | Found Angiegra's General Store.
 39764 | Orc:2    | Found Joniwisoa's General Store.
 39872 | Orc:2    | Reached XP level 16. HP: 99/111 MP: 25/30
 40980 | Orc:2    | Reached skill level 10 in Staves
 41107 | Orc:2    | Reached skill level 15 in Fire Magic
 41286 | Orc:2    | Reached skill level 10 in Armour
 41346 | Orc:2    | Found Zuangeyl's Antique Armour Shoppe.
 41346 | Orc:2    | Found Buang's Jewellery Emporium.
 41347 | Orc:2    | Found a one-way gate leading to the halls of Pandemonium.
 41766 | Elf:1    | Entered Level 1 of the Elven Halls
 41789 | Elf:1    | You are sucked into a shaft and drop 1 floor!
 41796 | Elf:2    | Found a runed translucent gate.
 41796 | Elf:2    | Found a runed translucent gate.
 41796 | Elf:2    | Found a runed translucent gate.
 42394 | Elf:1    | Noticed Asterion
 42547 | Elf:1    | Noticed a Tzitzimitl
 42553 | Orc:2    | HP: 3/111 [poisoned by a green death (poison arrow)]
 43049 | Elf:1    | Found Sir Nil's Assorted Antiques.
 43123 | Elf:1    | Found a transporter.
 43255 | Elf:1    | Identified the +10 broad axe "Vuriz" {drain, ^Drain +Blink
                  | rPois Str+5}
 43354 | Elf:1    | Received a gift from Nemelex Xobeh
 43576 | Elf:1    | Found a portal to a secret trove of treasure.
 43764 | Elf:1    | Found a transporter.
 44267 | Elf:2    | Paralysed by an air elemental for 1 turns
 44661 | Elf:2    | Reached XP level 17. HP: 115/117 MP: 19/32
 44914 | Elf:2    | Received a gift from Nemelex Xobeh
 46456 | Elf:2    | Received a gift from Nemelex Xobeh
 46680 | Elf:3    | Entered Level 3 of the Elven Halls
 46763 | Elf:3    | Found a magical portal.
 46769 | WizLab   | Entered Zonguldrok's Shrine
 46922 | WizLab   | Reached skill level 10 in Invocations
 46966 | WizLab   | Reached skill level 16 in Fire Magic
 47203 | WizLab   | Noticed a lich
 47208 | WizLab   | Killed a lich
 47327 | WizLab   | Noticed an ancient champion
 47333 | WizLab   | Noticed a lich
 47336 | WizLab   | Killed an ancient champion
 47341 | WizLab   | Killed a lich
 47360 | WizLab   | Noticed an antique champion
 47370 | WizLab   | HP: 5/117 [antique champion/+0 double sword of draining
                  | (28)]
 47371 | WizLab   | Slain by a phantasmal warrior

Illustrated notes

Levels and vault maps discovered:
D:1:      spicycebolla_arrival_risky_transporter, layout_basic,
          dreamdust_ecumenical_altar_grove, dk_noncrumbling_3
D:2:      layout_loops_ring, st_stairs_8, chequers_mini_garden
D:3:      layout_basic, lemuel_round_altar, minmay_puff, uniq_jessica
D:4:      layout_basic
D:5:      layout_loops_ring, chequers_temple_overflow_minitemple,
          nicolae_concentric_dashed_squares_mild, uniq_prince_ribbit1
D:6:      layout_basic, corexii_item_surrounded_by_moat, kennysheep_doodads
D:7:      layout_cave_pools, nemelex_diamond_rough_becter,
          minmay_temple_entry_butterflies, uniq_pikel, uniq_jeremiah
D:8:      layout_layer_cave, lemuel_tele_altar
D:9:      layout_loops_ring, mainiacjoe_overflow_big_doors, lemuel_round_altar,
          serial_shops, shop, kennysheep_generic_room_12
D:10:     layout_loops_corners, lemuel_round_altar,
          nicolae_tso_carved_into_rock, dpeg_lair_monsters,
          minmay_orc_entry_temple_small, small_statue_intersection,
          grunt_decor_cap, minmay_misc_feat_four_crosses
D:11:     layout_basic, serial_shops, shop
D:12:     layout_rooms, uniq_josephine, uniq_nessos
D:13:     lemuel_reptile_caves, layout_irregular_city, hellmonk_vaults_keyhole,
          serial_shops, nicolae_shop_overgrown_old_shop, shop,
          nicolae_shop_window_shopping, shop, lemuel_flamethrower_3, uniq_sonja
D:14:     layout_roguey, chequers_serial_rivers_small_3, grunt_ministairs_11,
          uniq_kirke
D:15:     grunt_enter_depths_magical_seal, layout_cave_pods, ebering_ghost_xom,
          hangedman_ru_absence
Temple:   chequers_temple_sunken
Lair:1:   layout_small_grid, chequers_serial_rivers_small_3, uniq_joseph
Lair:2:   layout_roguey, skrybe_swamp_entry_bodies,
          hellmonk_spider_entry_not_the_bees, serial_bayou, serial_bayou_pond_c,
          serial_bayou_shore_b, serial_bayou_shore_b, serial_bayou_pond_b,
          special_room [special_room_bee], serial_bayou_shore_b,
          grunt_megastairs_5
Lair:3:   wad_woods_tower, layout_layer_cave, st_stairs_4,
          hangedman_lair_generics_rect, lemuel_fruit_tree, uniq_gastronok
Lair:4:   beast_lair_carwin_large_1, layout_regular_city, slime_entry_1,
          maelrawn_ghost_gauntlet_escape
Lair:5:   evilmike_catoblepas_cave, layout_layer_cave,
          chequers_serial_rivers_marsh, serial_bayou_shore_a,
          serial_bayou_shore_b
Orc:1:    dreamdust_dug_too_deep, layout_caves, uniq_maurice
Orc:2:    pf_orc_diabolical, layout_caves, basic_altar, serial_shops,
          nicolae_shop_pleasant_corner_grove, sword_in_stone, uniq_urug
Elf:1:    gammafunk_its_a_trap, layout_gridlike, enter_trove_5,
          serial_co_window_serial, co_window_of_opportunity_a,
          co_window_corner_a, co_window_paths_a, co_window_corner_a,
          co_window_paths_b, co_window_broadway_a, co_window_corner_b,
          co_window_corner_b, co_window_of_opportunity_c, co_window_2corner,
          co_window_4corner_a, glass_columns_a, serial_shops,
          nicolae_shop_stone, uniq_asterion
Elf:2:    elven_hall_of_blades_hangedman_original [mumra_blade_entry_bloodbath],
          layout_geoelf_grid, dreamdust_princess_corridor, kb_rosetta
Elf:3:    minmay_elf_hall_x, layout_gridlike, infiniplex_enter_wizlab_spiral,
          ebering_ghost_gozag, wad_floor_pattern_2, david_defended_altar_elf
WizLab:   wizlab_zonguldrok

Skill      XL: |  1  2  3  4  5  6  7  8  9 10 11 12 13 14 15 16 17 |
---------------+----------------------------------------------------+-----
Fighting       | 1 2 3 4 5 6 |  6.0
Armour         | 1 2 3 5 6 7 8 9 10 | 10.0
Conjurations   | 2 3 4 5 6 8 9 10 11 12 13 | 13.1
Fire Magic     | 4 6 7 9 10 11 13 14 15 16 | 16.1
Dodging        | 3 4 5 6 8 9 |  9.5
Spellcasting   | 3 4 5 6 7 8 9 10 11 12 | 12.3
Evocations     | 2 3 4 5 |  5.0
Hexes          | 2 3 |  3.0
Invocations    | 3 5 6 7 9 10 | 10.0
Ranged Weapons | 1 2 |  2.0
Shields        | 2 4 5 6 |  6.0
Earth Magic    | 2 3 |  3.0
Staves         | 3 4 7 9 10 | 10.0
Short Blades   | 3 |  3.0
Stealth        | |  2.0

Action                     |  1- 3 |  4- 6 |  7- 9 | 10-12 | 13-15 | 16-18 || total
---------------------------+-------+-------+-------+-------+-------+-------++-------
  Melee: Spear             |       |       |       |     9 |       |       ||     9
         Flail             |       |       |       |       |    20 |       ||    20
         Staff             |       |       |       |       |   111 |    95 ||   206
         Short sword       |       |       |       |       |     1 |       ||     1
   Fire: Sling             |    68 |    23 |    21 |    39 |       |       ||   151
         Hand cannon       |       |       |       |       |    10 |    32 ||    42
  Throw: Dart              |       |       |       |    21 |    23 |     9 ||    53
         Throwing net      |       |       |       |     2 |       |       ||     2
   Cast: Foxfire           |    35 |    79 |   181 |   284 |   710 |   198 ||  1487
         Scorch            |     2 |    21 |    82 |   190 |   474 |   112 ||   881
         Flame Wave        |       |       |       |    18 |    26 |    10 ||    54
         Stone Arrow       |       |       |       |    10 |    43 |   142 ||   195
         Fireball          |       |       |       |     3 |    44 |    43 ||    90
         Inner Flame       |       |       |       |     1 |    15 |     5 ||    21
 Invoke: Draw Destruction  |       |       |       |     3 |    18 |    15 ||    36
         Draw Summoning    |       |       |       |       |    10 |    19 ||    29
         Draw Escape       |       |       |       |       |     2 |       ||     2
  Evoke: Wand              |       |       |     7 |    19 |     5 |     8 ||    39
    Use: Scroll            |     1 |     6 |     5 |    18 |    13 |     5 ||    48
         Potion            |       |       |     1 |     5 |     6 |     8 ||    20
   Stab: Sleeping          |       |       |       |       |     1 |       ||     1
 Armour: Robe              |    22 |    17 |    38 |    16 |   171 |   166 ||   430
         Steam dragon scal |       |       |       |   222 |     9 |       ||   231
         Ring mail         |       |       |       |       |   268 |       ||   268
         Skin              |       |       |       |       |     4 |       ||     4
  Dodge: Dodged            |    22 |    22 |    44 |   170 |   247 |   131 ||   636
  Block: Buckler           |       |       |       |    28 |   186 |   109 ||   323
         Reflection        |       |       |       |       |    21 |    11 ||    32

Table legend: (Time is in decaauts)
 A = Elapsed time spent in this place.
 B = Non-inter-level travel time spent in this place.
 C = Inter-level travel time spent in this place.
 D = Time resting spent in this place.
 E = Time spent auto-exploring this place.
 F = Levels seen in this place.
 G = Mean time per level.
                   A        B        C        D        E       F      G
               +--------+--------+--------+--------+--------+-----+--------+
         Total |  47586 |  45055 |   2531 |  16161 |  19186 |  27 | 1762.4 |
       Dungeon |  25175 |  23562 |   1613 |   7329 |  11961 |  15 | 1678.3 |
        Temple |      1 |      1 |      0 |      0 |      0 |   1 |    1.0 |
          Lair |  12120 |  11619 |    501 |   4056 |   5262 |   5 | 2424.0 |
  Orcish Mines |   4927 |   4683 |    244 |   2454 |   1126 |   2 | 2463.5 |
   Elven Halls |   4774 |   4602 |    172 |   2015 |    836 |   3 | 1591.3 |
        Wizlab |    586 |    586 |      0 |    306 |      0 |   1 |  586.0 |
               +--------+--------+--------+--------+--------+-----+--------+

Top non-repeatable levels by time:
  Lair:5: 3400 daAuts
   Orc:2: 3308 daAuts
    D:13: 3189 daAuts
   Elf:2: 3011 daAuts
    D:10: 2523 daAuts
  Lair:3: 2447 daAuts
    D:15: 2219 daAuts
  Lair:1: 2181 daAuts
    D:14: 2142 daAuts
  Lair:4: 2062 daAuts
  Lair:2: 2029 daAuts
     D:5: 1909 daAuts
    D:11: 1866 daAuts
     D:4: 1866 daAuts
     D:6: 1752 daAuts
